 Seeded DCSS version 0.32-a0-909-gc671339a80 (webtiles) character file.

Game seed: 17073724502869601980 (custom seed)

121049 timneilson the Spry (level 16, -13/111 HPs)
             Began as an Octopode Shapeshifter on Apr 6, 2024.
             Was an Initiate of Gozag.
             Blown up by an orb spider (56 damage)
             ... with an orb of destruction
             ... led by a broodmother
             ... on level 2 of the Spider Nest.
             The game lasted 01:30:30 (27750 turns).

timneilson the Spry (Octopode Shapeshifter)        Turns: 27750, Time: 01:30:31

Health: -13/111    AC: 10    Str: 24    XL:     16   Next: 83%
Magic:  18/23      EV: 30    Int: 24    God:    Gozag
Gold:   3601       SH: 12    Dex: 18    Spells: 21/25 levels left

rFire   + .          .
                       - Unarmed
rCold   + . .        O - +0 buckler
rNeg    + + +        u - +3 crown of Dyrovepreva {rElec Int+2 SInv}
rPois   +            H - amulet of Ephemeral Luck {Reflect rPois rF- rN++ Dex+3 Slay+3 SH+5}
rElec   +            m - ring "Xedoss" {rPois rN+ Str+4 Int+6 Stlth+}
rCorr   +            j - ring of resist corrosion
SInv    +            E - ring of protection from fire
Will    +....        D - +4 ring of protection
Stlth   ++++++++     q - +5 ring of evasion
HPRegen 0.38/turn    p - ring of the Octopus King {rC+ HP+2 AC+2 EV+2 SH+2}
MPRegen 0.18/turn    M - ring of protection from fire
                     b - +4 ring of slaying

%: reflection
@: maw-form, gold aura
A: devouring maw, almost no armour, amphibious, 8 rings, camouflage 1,
gelatinous body 1, (nimble swimmer 1), tentacles
a: Begin Untransformation, Renounce Religion, Potion Petition, Call Merchant,
Bribe Branch


You were on level 2 of the Spider Nest.
You worshipped Gozag.
Gozag was most pleased with you.
You were a creature with a mouth for a stomach.
You visited 5 branches of the dungeon, and saw 25 of its levels.
You also visited: Volcano.

You collected 10340 gold pieces.
You spent 4568 gold pieces at shops.
You paid 2171 gold pieces to Gozag.

Inventory:

Missiles
 y - 6 throwing nets
 z - 37 poisoned darts (quivered)
 G - 6 curare-tipped darts
Armour
 u - the +3 crown of Dyrovepreva (worn) {rElec Int+2 SInv}
   (You bought it in a shop on level 2 of the Orcish Mines)

   Int+2:     It affects your intelligence (+2).
   rElec:     It insulates you from electricity.
   SInv:      It lets you see invisible.
 O - a +0 buckler (worn)
Jewellery
 b - a +4 ring of slaying (on tentacle)
 j - a ring of resist corrosion (right tentacle)
 m - the ring "Xedoss" (left tentacle) {rPois rN+ Str+4 Int+6 Stlth+}
   (You bought it in a shop on level 12 of the Dungeon)

   [ring of positive energy]

   Str+4:     It affects your strength (+4).
   Int+6:     It affects your intelligence (+6).
   rPois:     It protects you from poison.
   rN+:       It protects you from negative energy.
   Stlth+:    It makes you more stealthy.
 p - a ring of the Octopus King (on tentacle) {rC+ HP+2 AC+2 EV+2 SH+2}
   (You bought it in a shop on level 12 of the Dungeon)

   [ring of protection from cold]

   AC+2:      It affects your AC (+2).
   EV+2:      It affects your evasion (+2).
   rC+:       It protects you from cold.
   HP+2:      It affects your health (+2).
   SH+2:      It affects your SH (+2).
 q - a +5 ring of evasion (on tentacle)
 D - a +4 ring of protection (on tentacle)
 E - a ring of protection from fire (on tentacle)
 H - the amulet of Ephemeral Luck (around mantle) {Reflect rPois rF- rN++ Dex+3 Slay+3 SH+5}
   (You bought it in a shop on level 8 of the Dungeon)

   [amulet of reflection]

   Reflect:   It reflects blocked missile attacks.
   Dex+3:     It affects your dexterity (+3).
   Slay+3:    It affects your accuracy & damage with ranged weapons and melee
   (+3).
   rF-:       It makes you vulnerable to fire.
   rPois:     It protects you from poison.
   rN++:      It greatly protects you from negative energy.
   SH+5:      It affects your SH (+5).
 L - a ring of protection from cold
 M - a ring of protection from fire (on tentacle)
Talismans
 h - a granite talisman
 t - a dragon-blood talisman
 K - the maw talisman of the Foremost Coins (active) {Int+3 Dex+3}
   (You found it on level 4 of the Lair of Beasts)

   [maw talisman]

   Int+3:     It affects your intelligence (+3).
   Dex+3:     It affects your dexterity (+3).
Wands
 l - a wand of roots (21)
 A - a wand of flame (46)
 F - a wand of mindburst (8)
 I - a wand of digging (8)
Scrolls
 a - 2 scrolls of revelation
 c - a scroll of fog
 d - a scroll of enchant armour
 f - 4 scrolls of fear
 r - a scroll of immolation
 s - 2 scrolls of identify
 B - 5 scrolls of teleportation
 C - a scroll of summoning
 J - a scroll of vulnerability
 P - 4 scrolls of poison
Potions
 e - 2 potions of mutation
 g - 3 potions of haste
 i - 7 potions of curing
 k - 2 potions of ambrosia
 n - 3 potions of berserk rage
 o - a potion of might
 v - 3 potions of heal wounds
 w - 3 potions of attraction
 x - 4 potions of enlightenment
 N - a potion of cancellation
Miscellaneous
 Q - a lightning rod (4/4)


   Skills:
 + Level 10.3 Fighting
 * Level 16.5 Dodging
 + Level 13.5 Stealth
 + Level 4.3 Shields
 * Level 14.0 Unarmed Combat
 - Level 5.0 Spellcasting
 - Level 5.0 Translocations
 + Level 10.4 Evocations
 * Level 13.0 Shapeshifting


You had 21 spell levels left.
You knew the following spells:

 Your Spells              Type           Power      Damage    Failure   Level
a - Blink                 Tloc           60%        N/A       1%          2
b - Lesser Beckoning      Tloc           60%        N/A       1%          2

Your spell library contained the following spells:

 Spells                   Type           Power      Damage    Failure   Level
 Momentum Strike          Conj/Tloc      36%        3d9       5%          2
 Sting                    Conj/Alch      24%        1d4       11%         1
 Volatile Blastmotes      Fire/Tloc      36%        2d13      11%         3
 Mercury Vapours          Alch/Air       12%        N/A       16%         2
 Summon Ice Beast         Ice/Summ       6%         N/A       30%         3
 Iskenderun's Mystic Bla Conj/Tloc 18%            2d6        (+2d2     36%         4
 Fulminant Prism          Conj/Alch      3%         3d5       71%         4
 Olgreb's Toxic Radiance  Alch           6%         N/A       71%         4
 Summon Mana Viper        Hex/Summ       6%         N/A       96%         5
 Conjure Ball Lightning   Conj/Air       3%         3x3d6     100%        6
 Monstrous Menagerie      Summ           3%         N/A       100%        7
 Discord                  Hex            3%         N/A       100%        8
 Disjunction              Tloc           15%        N/A       100%        8


Dungeon Overview and Level Annotations

Branches:
Dungeon (15/15)            Temple (1/1) D:5            Lair (5/5) D:9
  Swamp (0/4) Lair:3       Spider (1/4) Lair:2        Slime (0/5) Lair:5
    Orc (2/2) D:12            Elf (0/3) Orc:2        Vaults (0/5) D:14
 Depths (0/4) D:15        Volcano (visited)

Altars:
Ashenzari
Cheibriados
Dithmenos
Elyvilon
Fedhas
Gozag
Hepliaklqana
Kikubaaqudgha
Makhleb
Nemelex Xobeh
Okawaru
Qazlal
Ru
Sif Muna
Trog
Uskayaw
Vehumet
Wu Jian
Xom
Yredelemnul
Zin
The Shining One
Jiyva

Shops:
D:8 =   D:12 =?:   Orc:2 *[*[

Portals:
Hell: Lair:5


Innate Abilities, Weirdness & Mutations

You are a creature with a mouth for a stomach.
Your midsection houses a second, enormous mouth.
You cannot wear most types of armour.
You are amphibious.
You can wear up to eight rings at the same time.
Your skin changes colour to match your surroundings (Stealth+).
Your rubbery body absorbs attacks. (AC +1, EV +1)
((You are camouflaged when in or above water. (Stealth+)))
You have tentacles for arms and can constrict up to eight enemies at once.


Message History

You block the culicivora's attack. The broodmother misses you.
The culicivora completely misses you.
You thrash the culicivora!!!
You kill the culicivora!
The broodmother barely misses you. You block the broodmother's attack.
Your Shapeshifting skill increases to level 13!
You bludgeon the moth of wrath! You grab the moth of wrath.
You squeeze the moth of wrath! You bite the moth of wrath!!
You kill the moth of wrath!
The broodmother completely misses you.
You bludgeon the broodmother! You tentacle-slap the broodmother!
You bite the broodmother!!
The broodmother is severely wounded.
The broodmother bites you!! You block the broodmother's attack.
You barely miss the tarantella. You grab the tarantella.
You squeeze the tarantella!
You bite the tarantella, but do no damage.
The tarantella is moderately wounded.
You constrict the tarantella. The tarantella completely misses you.
The broodmother bites you!!
You batter the tarantella!!
You kill the tarantella!
The broodmother barely misses you.
You bludgeon the broodmother! You squeeze the broodmother!
The broodmother is severely wounded.
The broodmother closely misses you. You block the broodmother's attack.
You barely miss the broodmother. You squeeze the broodmother!
The broodmother is almost dead.
The broodmother bites you!!!
* * * LOW HITPOINT WARNING * * *
You hear a hideous shriek!
You batter the broodmother!! You squeeze the broodmother!
You kill the broodmother!
The orb spider weaves a glowing orb of energy.
An orb of destruction comes into view.
You feel much better.
Unknown command.
The orb of destruction hits you!!!
Ouch! That really hurt!
You die...

##.####... ##. ....#....
#.. ... ......^ # #.# #..
.# ##. ...# ##.. #.#
#.##.# #..##..##.....
#.####^##.# #..#.s.......
#.##.#....####...°........
#...............$○#.###..#
................W○###
.#^#.#.##...#.#..##
.#.##.#...#.##.###
...##..#.....#..#
.....##..#.....####
..#....#......#...#
.....#......#.#..^###
...#....##.....#....#
.###.....##.....#...#


You could see an orb spider.

Vanquished Creatures
  Saint Roka (Orc:2)
  Kirke (Lair:5)
  A ghost moth (Spider:2)
  A broodmother (Spider:2)
  Josephine (D:11)
  Fannar (D:11)
  An entropy weaver (Spider:1)
  2 rakshasas (D:15)
  4 vault guards (D:14)
  10 hydras
  A radroach (Spider:1)
  A catoblepas (Lair:2)
  3 centaur warriors
  9 two-headed ogres
  5 boulder beetles
  A tengu warrior (D:15)
  6 death yaks (Lair:5)
  3 orc high priests (Orc:2)
  Urug (Orc:1)
  An occultist (D:15)
  2 demonic crawlers
  A sun demon (Lair:5)
  3 skysharks
  A fire crab (Lair:5)
  A skeletal warrior (D:9)
  2 deep elf archers (D:14)
  An orb spider (Spider:2)
  2 arcanists
  An obsidian bat (Orc:2)
  7 orc knights
  2 wolf spiders (Spider:2)
  A steelbarb worm (Spider:1)
  A necromancer (D:15)
  15 ugly things
  2 deep elf pyromancers (D:13)
  8 orc sorcerers
  4 cyclopes
  6 meliai
  4 manticores
  2 moths of wrath
  Joseph (D:8)
  6 black mambas
  12 centaur zombies
  7 kobold blastminers
  An unseen horror (D:12)
  2 centaur skeletons (D:15)
  A gargoyle (D:14)
  A smoke demon (Lair:5)
  3 torpor snails
  10 cane toads
  A kobold demonologist (D:11)
  5 ice devils (Lair:5)
  9 komodo dragons
  A yaktaur (D:14)
  5 rime drakes
  2 tengu conjurers (D:15)
  A hornet (D:10)
  2 trolls
  3 tarantellas
  2 polar bears
  7 blink frogs
  3 jumping spiders (Spider:2)
  A tyrant leech (Lair:3)
  21 dream sheep
  A centaur simulacrum (D:15)
  A meliai zombie (D:11)
  10 wraiths
  5 shadows
  11 slime creatures
  7 wyverns
  4 culicivoras
  4 vampires
  72 yaks
  A human (D:14)
  5 wargs
  3 steam dragons (D:9)
  4 redbacks (Spider:1)
  A basilisk (Lair:3)
  Grum (D:11)
  17 vampire mosquitoes
  3 swamp worms (Lair:3)
  2 acid dragons (D:10)
  10 hell hounds
  13 water moccasins
  21 orc warriors
  A black bear (D:6)
  4 laughing skulls
  2 ogres
  4 centaurs
  2 phantoms
  20 wolves
  2 kobold brigands
  12 bullfrogs
  3 gnoll sergeants
  3 scorpions
  8 wights
  7 killer bees
  9 howler monkeys
  An electric eel (D:11)
  4 hounds
  23 orc priests
  2 gnoll boudas (D:8)
  2 sleepcaps
  3 iguanas
  A boggart zombie (D:11)
  21 orc wizards
  A boggart skeleton (D:15)
  24 gnolls
  10 adders
  A shadow imp (D:8)
  A white imp (D:7)
  2 ufetubi (D:6)
  3 dart slugs
  3 ribbon worms (Lair:2)
  70 orcs
  8 endoplasms
  8 giant cockroaches
  8 hobgoblins
  11 jackals
  4 quokkas
  3 ball pythons
  11 bats
  7 frilled lizards
  6 goblins
  22 kobolds
  5 rats
765 creatures vanquished.

Vanquished Creatures (others)
  A blink frog (Lair:5)
  2 humans (Lair:5)
  A water moccasin (Lair:5)
  A centaur (Volcano)
  A killer bee (D:11)
  An orc wizard (Orc:2)
7 creatures vanquished.

Grand Total: 772 creatures vanquished

Notes
Turn   | Place    | Note
-------+----------+-------------------------------------------
     0 | D:1      | timneilson the Octopode Shapeshifter began the quest for
                  | the Orb.
     0 | D:1      | Reached XP level 1. HP: 13/13 MP: 1/1
   230 | D:1      | Reached XP level 2. HP: 18/18 MP: 2/2
   330 | D:1      | Identified a scroll of acquirement
   330 | D:1      | Acquired the ring of the Scarab {rPois rN+ Int+6}
   714 | D:2      | Reached XP level 3. HP: 14/23 MP: 3/3
   920 | D:4      | Acquired a manual of Dodging
   938 | D:5      | Entered Level 5 of the Dungeon
   951 | D:5      | Found a staircase to the Ecumenical Temple.
   959 | Temple   | Entered the Ecumenical Temple
  1111 | D:3      | Reached skill level 1 in Stealth
  1200 | D:3      | Found a faded altar of an unknown god.
  1242 | D:3      | Reached XP level 4. HP: 24/28 MP: 4/4
  1489 | D:3      | Found a radiant altar of Vehumet.
  1899 | D:2      | Reached skill level 3 in Dodging
  2075 | Temple   | Became a worshipper of Gozag Ym Sagoz the Greedy
  2520 | D:3      | Reached XP level 5. HP: 27/34 MP: 5/5
  2964 | D:4      | Reached skill level 1 in Evocations
  3392 | D:4      | Reached XP level 6. HP: 20/39 MP: 6/6
  3488 | D:4      | Reached skill level 4 in Dodging
  4010 | D:5      | Noticed a water moccasin
  4019 | D:5      | Killed a water moccasin
  4020 | D:5      | Reached skill level 5 in Dodging
  4020 | D:5      | Reached XP level 7. HP: 25/45 MP: 7/7
  4410 | D:5      | Reached skill level 5 in Unarmed Combat
  4549 | D:5      | Reached XP level 8. HP: 46/52 MP: 8/8
  4633 | D:5      | Reached skill level 6 in Dodging
  4835 | D:6      | Reached skill level 5 in Shapeshifting
  5931 | D:7      | Found an iron altar of Okawaru.
  5965 | D:7      | Found a shimmering blue altar of Sif Muna.
  6075 | D:7      | Reached skill level 7 in Dodging
  6316 | D:7      | Reached XP level 9. HP: 47/58 MP: 9/9
  6395 | D:7      | Reached skill level 5 in Stealth
  6514 | D:7      | Found a broken altar of Ashenzari.
  6983 | D:7      | Reached skill level 8 in Dodging
  7160 | D:8      | Found a stormy altar of Qazlal.
  7160 | D:8      | Found a bloodstained altar of Trog.
  7161 | D:8      | Found an ornate altar of the Wu Jian Council.
  7284 | D:8      | Noticed Joseph
  7622 | D:8      | Found Idowidgh's Jewellery Emporium.
  7638 | D:8      | Bought the amulet of Ephemeral Luck {Reflect rPois rF- rN++
                  | Dex+3 Slay+3 SH+5} for 826 gold pieces
  7672 | D:8      | Killed Joseph
  7913 | D:8      | Identified the +5 long sword of Fear {distort, rC+}
  7945 | D:8      | Reached skill level 9 in Dodging
  8077 | D:8      | Reached XP level 10. HP: 65/65 MP: 10/10
  8471 | D:8      | Reached skill level 5 in Fighting
  8569 | D:9      | Noticed a centaur warrior
  9000 | D:9      | Reached skill level 10 in Dodging
  9131 | D:9      | Killed a centaur warrior
  9132 | D:9      | Reached skill level 5 in Evocations
  9265 | D:9      | Found a staircase to the Lair.
  9573 | D:8      | Bought a ring of protection from cold for 325 gold pieces
  9573 | D:8      | Bought a ring of protection from fire for 325 gold pieces
  9625 | D:9      | Found a glowing silver altar of Zin.
  9625 | D:9      | Noticed a two-headed ogre
  9643 | D:9      | Noticed a skeletal warrior
  9656 | D:9      | Killed a skeletal warrior
  9784 | D:9      | Noticed a two-headed ogre
  9794 | D:9      | Killed a two-headed ogre
  9795 | D:9      | Reached skill level 11 in Dodging
  9795 | D:9      | Reached XP level 11. HP: 72/72 MP: 11/11
  9831 | D:9      | Killed a two-headed ogre
  9984 | D:10     | Entered Level 10 of the Dungeon
 10851 | D:10     | You fall into a shaft and drop 3 floors!
 10898 | D:13     | Noticed a deep elf pyromancer
 10904 | D:13     | Killed a deep elf pyromancer
 10952 | D:13     | Noticed a purple ugly thing
 10977 | D:13     | Killed a purple ugly thing
 11107 | D:13     | Noticed a two-headed ogre
 11190 | D:12     | Reached skill level 12 in Dodging
 11437 | D:11     | Noticed a cyclops
 11834 | D:11     | Noticed Grum
 11851 | D:11     | Killed Grum
 11873 | D:11     | Learned a level 2 spell: Blink
 11876 | D:11     | Learned a level 2 spell: Lesser Beckoning
 11902 | D:11     | Reached XP level 12. HP: 80/80 MP: 12/12
 11927 | D:11     | Noticed a two-headed ogre
 12083 | Lair:1   | Entered Level 1 of the Lair of Beasts
 12393 | Lair:1   | Reached skill level 1 in Translocations
 12403 | Lair:1   | Reached skill level 1 in Spellcasting
 12407 | Lair:1   | Reached skill level 13 in Dodging
 12693 | Lair:1   | Reached skill level 10 in Unarmed Combat
 13025 | Lair:2   | Noticed a demonic crawler
 13042 | Lair:2   | Killed a demonic crawler
 13214 | Lair:2   | Noticed a catoblepas
 13236 | Lair:2   | Killed a catoblepas
 13435 | Lair:2   | Found a hole to the Spider Nest.
 13728 | Lair:2   | Reached XP level 13. HP: 86/86 MP: 16/16
 13926 | Lair:3   | Reached skill level 10 in Stealth
 14229 | Lair:3   | Reached skill level 14 in Dodging
 14411 | Lair:3   | Reached skill level 10 in Shapeshifting
 14764 | Lair:4   | Identified the maw talisman of the Foremost Coins {Int+3
                  | Dex+3}
 14801 | Lair:4   | Identified the scarf of Violets {rC+ rF+, Str+4 Stlth+}
 15785 | Lair:4   | Acquired 1197 gold pieces
 15801 | Lair:5   | Entered Level 5 of the Lair of Beasts
 16548 | Lair:5   | Reached XP level 14. HP: 84/94 MP: 19/19
 17109 | Lair:5   | Noticed Kirke
 17277 | Lair:5   | Killed Kirke
 17326 | Lair:5   | Found a viscous altar of Jiyva.
 17326 | Lair:5   | Found a staircase to the Slime Pits.
 18405 | D:8      | Bought a ring of protection from fire for 325 gold pieces
 18468 | D:9      | Reached skill level 5 in Translocations
 18608 | Lair:3   | Reached skill level 15 in Dodging
 18680 | Lair:3   | Found a staircase to the Swamp.
 19049 | Lair:5   | Found a burning altar of Makhleb.
 19107 | Lair:5   | Found a gateway to Hell.
 19745 | D:11     | Reached XP level 15. HP: 101/101 MP: 22/22
 19904 | D:11     | Reached skill level 5 in Spellcasting
 19913 | D:11     | Noticed Josephine
 19918 | D:11     | Killed Josephine
 20176 | D:11     | Noticed Fannar
 20218 | D:11     | Killed Fannar
 20480 | D:12     | Identified the scarf of Mischum {rC+ rF+, rN+ Str+4 Dex-2}
 20548 | D:12     | Found a hide-covered altar of Uskayaw.
 20836 | D:12     | Reached skill level 1 in Shields
 21024 | D:12     | Found a staircase to the Orcish Mines.
 21285 | Orc:1    | Entered Level 1 of the Orcish Mines
 21320 | Orc:1    | Found a dark tunnel.
 21336 | Volcano  | Entered a volcano
 21932 | Orc:1    | Paralysed by an orc sorcerer for 2 turns
 22200 | Orc:2    | Entered Level 2 of the Orcish Mines
 22201 | Orc:2    | Noticed Urug
 22303 | Orc:1    | Killed Urug
 22482 | Orc:2    | Found a staircase to the Elven Halls.
 22892 | Orc:2    | Found Zaraefiat's Assorted Antiques.
 23596 | Orc:2    | Paralysed by an orc sorcerer for 4 turns
 23787 | Orc:2    | Noticed Saint Roka
 24107 | Orc:2    | Found Beberr's Antique Armour Shoppe.
 24108 | Orc:2    | Found Vyitsich's Assorted Antiques.
 24108 | Orc:2    | Found Qiefism's Armour Shop.
 24131 | Orc:2    | Killed Saint Roka
 24257 | Orc:2    | Bought a scroll of fear for 136 gold pieces
 24265 | Orc:2    | Bought the +3 crown of Dyrovepreva {rElec Int+2 SInv} for
                  | 538 gold pieces
 24265 | Orc:2    | Found the +3 crown of Dyrovepreva {rElec Int+2 SInv}
 24267 | Orc:2    | Bought a potion of curing for 66 gold pieces
 24267 | Orc:2    | Bought a scroll of revelation for 165 gold pieces
 24327 | D:12     | Bought the ring "Xedoss" {rPois rN+ Str+4 Int+6 Stlth+} for
                  | 880 gold pieces
 24327 | D:12     | Bought a ring of the Octopus King {rC+ HP+2 AC+2 EV+2 SH+2}
                  | for 982 gold pieces
 24327 | D:12     | Found the ring of the Octopus King {rC+ HP+2 AC+2 EV+2
                  | SH+2}
 24681 | D:13     | Acquired 981 gold pieces
 24761 | D:14     | Found a radiant altar of Vehumet.
 24789 | D:14     | Reached XP level 16. HP: 108/108 MP: 23/23
 24797 | D:14     | Reached skill level 16 in Dodging
 25381 | D:14     | Reached skill level 10 in Evocations
 25536 | D:14     | Found a gate to the Vaults.
 25674 | D:15     | Entered Level 15 of the Dungeon
 25918 | D:15     | Reached skill level 10 in Fighting
 26884 | D:15     | Found a staircase to the Depths.
 27128 | Spider:1 | Entered Level 1 of the Spider Nest
 27613 | Spider:1 | You fall into a shaft and drop 1 floor!
 27750 | Spider:2 | Blown up by an orb spider

Illustrated notes

Levels and vault maps discovered:
D:1:      lightli_arrival_windingriver, layout_loops_ring
D:2:      layout_basic, dk_noncrumbling_3
D:3:      layout_loops_corners, mainiacjoe_overflow_boulevard,
          shapermc_ecumenical_altar_gd, minmay_misc_feat_alley, st_stairs_8
D:4:      layout_gridville, lemuel_flame_loot_1
D:5:      layout_basic, minmay_temple_entry_stoned_glass
D:6:      layout_basic, grunt_decor_mini_mirrors
D:7:      layout_loops_cross, mainiacjoe_overflow_six_doors_small,
          lemuel_round_altar, lemuel_blue_sif_altar
D:8:      layout_cave_pools, gammafunk_temple_overflow_claw, serial_shops, shop,
          hangedman_abyss_or_decor_passed, fungi_pond_lemuel, uniq_joseph
D:9:      layout_basic, dpeg_oklobed_lair, minmay_ruined_shrine
D:10:     layout_loops_corners
D:11:     layout_long_grid, serial_undead, serial_undead_d, serial_undead_d,
          serial_undead_d, serial_undead_f, serial_undead_e, serial_undead_f,
          serial_undead_f, uniq_josephine, uniq_grum, uniq_fannar
D:12:     layout_irregular_city, orc_0_dummy, eat_drink_and_be_merry_uskayaw
D:13:     layout_long_grid
D:14:     layout_stronghold, grunt_vaults_entry_fortified, vehumet_crystals
D:15:     grunt_enter_depths_magical_seal, layout_stronghold, glass_columns_a
Temple:   nicolae_temple_superstar
Lair:1:   layout_cave_shapes, lemuel_fruit_tree
Lair:2:   layout_misc_corridors, nicolae_spider_entry_non_spiders, minmay_holes
Lair:3:   layout_roguey, palyth_hydra_swamp_entry
Lair:4:   layout_long_grid
Lair:5:   evil_forest, layout_cave_pods, slime_entry_1, uniq_kirke
Spider:1: layout_spider_delve
Spider:2: layout_spider_delve, hangedman_spider_tarantella_strand, uniq_frances,
          uniq_jorgrun
Orc:1:    layout_caves, enter_volcano_3
Orc:2:    st_orc_elflike, layout_caves, uniq_saint_roka, uniq_urug

Skill      XL: |  1  2  3  4  5  6  7  8  9 10 11 12 13 14 15 16 |
---------------+-------------------------------------------------+-----
Stealth        | 1 2 3 4 6 7 8 9 10 11 12 13 | 13.5
Dodging        | 3 5 7 9 11 12 13 14 15 16 | 16.5
Fighting       | 2 3 4 5 6 7 8 9 10 | 10.3
Unarmed Combat | 4 5 6 7 8 9 10 11 12 13 14 | 14.0
Evocations     | 1 2 3 4 5 6 7 8 9 10 | 10.4
Shapeshifting  | 4 5 6 7 8 9 10 11 12 13 | 13.0
Translocations | 2 4 5 |  5.0
Spellcasting   | 2 3 4 5 |  5.0
Shields        | 2 4 |  4.3

Action                     |  1- 3 |  4- 6 |  7- 9 | 10-12 | 13-15 | 16-18 || total
---------------------------+-------+-------+-------+-------+-------+-------++-------
  Melee: Unarmed           |    76 |   122 |   211 |   413 |   760 |   231 ||  1813
         Constrict         |    20 |    33 |    64 |    65 |   143 |    49 ||   374
         Tentacles         |    13 |    31 |    56 |   116 |   237 |    83 ||   536
         Punch             |     2 |     3 |    10 |     5 |    69 |    26 ||   115
         Maw               |       |       |       |       |   295 |   107 ||   402
  Throw: Dart              |       |       |     4 |     9 |     5 |       ||    18
 Invoke: Call Merchant     |       |       |       |       |     3 |       ||     3
  Evoke: Wand              |       |       |     3 |    15 |     5 |       ||    23
    Use: Scroll            |     3 |     6 |     6 |     8 |     9 |       ||    32
         Potion            |       |       |     2 |     1 |     5 |     1 ||     9
   Stab: Sleeping          |    10 |    11 |    10 |     9 |    34 |    15 ||    89
         Distracted        |       |       |     1 |     2 |     5 |     1 ||     9
         Petrified         |       |       |       |     3 |       |       ||     3
 Armour: Skin              |    28 |    48 |    83 |   131 |   226 |    47 ||   563
  Dodge: Dodged            |    33 |    48 |   129 |   301 |   569 |   153 ||  1233
  Block: Other             |       |       |     3 |    76 |    87 |       ||   166
         Reflection        |       |       |       |     4 |    20 |     9 ||    33
         Buckler           |       |       |       |       |    91 |   102 ||   193
   Form: Flux              |       |       |       |     1 |       |       ||     1
         Maw               |       |       |       |       |     1 |       ||     1

Table legend: (Time is in decaauts)
 A = Elapsed time spent in this place.
 B = Non-inter-level travel time spent in this place.
 C = Inter-level travel time spent in this place.
 D = Time resting spent in this place.
 E = Time spent auto-exploring this place.
 F = Levels seen in this place.
 G = Mean time per level.
                   A        B        C        D        E       F      G
               +--------+--------+--------+--------+--------+-----+--------+
         Total |  27511 |  25890 |   1621 |   5563 |  10145 |  26 | 1058.1 |
       Dungeon |  16827 |  15727 |   1100 |   2664 |   6949 |  15 | 1121.8 |
        Temple |     77 |     41 |     36 |      0 |      0 |   1 |   77.0 |
          Lair |   7017 |   6562 |    455 |   1591 |   2495 |   5 | 1403.4 |
   Spider Nest |    605 |    605 |      0 |    311 |     25 |   2 |  302.5 |
  Orcish Mines |   2730 |   2702 |     28 |    922 |    676 |   2 | 1365.0 |
       Volcano |    252 |    252 |      0 |     75 |      0 |   1 |  252.0 |
               +--------+--------+--------+--------+--------+-----+--------+

Top non-repeatable levels by time:
  Lair:5: 2263 daAuts
     D:8: 1984 daAuts
  Lair:4: 1553 daAuts
   Orc:1: 1415 daAuts
  Lair:3: 1336 daAuts
    D:11: 1335 daAuts
    D:10: 1326 daAuts
   Orc:2: 1315 daAuts
     D:4: 1277 daAuts
     D:7: 1231 daAuts
    D:15: 1157 daAuts
    D:12: 1153 daAuts
     D:6: 1090 daAuts
     D:9: 1068 daAuts
     D:3: 1038 daAuts
